 Dungeon Crawl Stone Soup version 0.20.0-15-g7f486f2 (webtiles) character file.

52 miragecloak the Cudgeler (level 4, -2/35 HPs)
             Began as a Formicid Abyssal Knight on June 28, 2017.
             Was a Follower of Lugonu.
             Slain by an adder (3 damage)
             ... on level 2 of the Dungeon.
             The game lasted 00:02:01 (1495 turns).

miragecloak the Cudgeler (Formicid Abyssal Knight)  Turns: 1495, Time: 00:02:02

Health: -2/35      AC:  3    Str: 17    XL:     4   Next: 8%
Magic:  5/5        EV: 14    Int: 11    God:    Lugonu [*.....]
Gold:   144        SH:  0    Dex: 11    Spells: 3/3 levels left

rFire    . . .     SeeInvis +   a - +1 mace
rCold    . . .     Gourm    .   (no shield)
rNeg     . . .     Faith    .   b - +0 leather armour
rPois    .         Spirit   .   (helmet unavailable)
rElec    .         Reflect  .   (no cloak)
rCorr    .         Harm     .   (no gloves)
MR       +....                  (no boots)
Stlth    +.........             (no amulet)
Regen    0.2/turn               d - +3 ring of evasion
MPRegen  0.1/turn               f - ring of protection from magic

@: lethally poisoned (-2 -> -12)
A: permanent stasis, dig shafts and tunnels, four strong arms, antennae 3
a: Dig, Shaft Self, Depart the Abyss, Renounce Religion


You were on level 2 of the Dungeon.
You worshipped Lugonu.
Lugonu was aware of your devotion.
You were hungry.

You visited 1 branch of the dungeon, and saw 2 of its levels.
You visited the Abyss 1 time.

You collected 144 gold pieces.

Inventory:

Hand Weapons
 a - a +1 mace (weapon)
Armour
 b - a +0 leather armour (worn)
Jewellery
 d - a +3 ring of evasion (left hand)
 f - a ring of protection from magic (right hand)
Scrolls
 g - 3 scrolls of identify {unknown}
 h - 3 scrolls of teleportation {unknown}
 k - 2 scrolls of remove curse {unknown}
 l - a scroll of enchant weapon {unknown}
Potions
 e - a potion of curing {unknown}
 i - a potion of degeneration {unknown}
 j - 2 potions of cancellation {unknown}
 m - 2 potions of heal wounds {unknown}
 o - a potion of agility {unknown}
 p - a potion of magic {unknown}
Books
 n - a book of Cantrips

   Spells                             Type                      Level
   a - Confusing Touch                Hexes                        1
   b - Animate Skeleton               Necromancy                   1
   c - Summon Small Mammal            Summoning                    1
   d - Apportation                    Translocation                1
Comestibles
 c - 3 bread rations


   Skills:
 - Level 3.2 Fighting
 + Level 4.0 Maces & Flails
 - Level 2.1 Armour
 - Level 0.8 Dodging
 - Level 2.1 Invocations


You had 3 spell levels left.
You didn't know any spells.

Dungeon Overview and Level Annotations

Branches:
Dungeon (2/15)

Altars:
Yredelemnul


Innate Abilities, Weirdness & Mutations

You cannot be hasted, slowed, berserked, paralysed or teleported.
You can dig through walls and to a lower floor.
Your four strong arms can wield two-handed weapons with a shield.
You have a pair of large antennae on your head. (SInv)


Message History

You miss the adder. The adder bites you.
* * * LOW HITPOINT WARNING * * *
You are more poisoned.
The adder poisons you! The adder bites you.
* * * LOW HITPOINT WARNING * * *
You are lethally poisoned!
The adder poisons you!
You closely miss the adder.
* * * LOW HITPOINT WARNING * * *
You feel sick. The adder barely misses you.
You miss the adder.
* * * LOW HITPOINT WARNING * * *
You feel sick. The adder misses you. The adder bites you.
* * * LOW HITPOINT WARNING * * *
You are more poisoned.
The adder poisons you!
You miss the adder.
* * * LOW HITPOINT WARNING * * *
You feel sick. The adder bites you.
You die...

#####.#
#.........######.#
#. ......#
#..####.......##.#
#. ####### #..#
#...#...##.######.
##########..#
#.......##.#......
............#
#.#........#.###..
###########.#
#.####.......÷>...
##.# #.#
##.#.##.#.#.#
####..####.#
#....#.....#
#.....†..S@#
###..###.###
#.##.####### #..#
#)# # #. #..# #.#
#. #..# #.# #.
#..# #.# #. #..#
#.# #. #..# #.# #.
#..# #.# #..# #<#


You could see an adder.

Vanquished Creatures
  2 adders (D:2)
  2 dart slugs (D:1)
  4 bats
  2 giant cockroaches (D:1)
  2 goblins
  2 hobgoblins (D:1)
  4 jackals (D:2)
  A ball python (D:1)
  2 frilled lizards (D:1)
  6 kobolds
  2 rats
29 creatures vanquished.

Notes
Turn   | Place    | Note
-------+----------+-------------------------------------------
     0 | Abyss:1  | miragecloak the Formicid Abyssal Knight began the quest for the Orb.
     0 | Abyss:1  | Reached XP level 1. HP: 18/18 MP: 2/2
    68 | Abyss:1  | Noticed a wizard
    69 | D:1      | Escaped the Abyss
   231 | D:1      | Reached XP level 2. HP: 24/24 MP: 3/3
   326 | D:1      | Reached * piety under Lugonu
   397 | D:1      | Reached skill level 3 in Maces & Flails
   636 | D:1      | Reached XP level 3. HP: 29/29 MP: 4/4
  1169 | D:2      | Found a faded altar of an unknown god.
  1337 | D:2      | Found a basalt altar of Yredelemnul.
  1488 | D:2      | Reached skill level 4 in Maces & Flails
  1488 | D:2      | Reached XP level 4. HP: 12/35 MP: 5/5
  1495 | D:2      | HP: 1/35 [poisoned by an adder]
  1495 | D:2      | Slain by an adder

Skill      XL: |  1  2  3 |
---------------+----------+-----
Maces & Flails | 3 4 |  4.0
Fighting       | |  3.2
Armour         | |  2.1
Dodging        | |  0.8
Invocations    | |  2.1

Action                   |  1- 3 |  4- 6 || total
-------------------------+-------+-------++-------
Melee: Mace              |    90 |     4 ||    94
Invok: Depart the Abyss  |     1 |       ||     1
  Eat: Chunk             |     1 |       ||     1
Armor: Leather armour    |    27 |       ||    27
Dodge: Dodged            |   104 |     3 ||   107
